 Dungeon Crawl Stone Soup version 0.29.1-15-g9cfb28693d (webtiles) character file.

Game seed: 7627430218027809466

37 croobank the Sneak (level 3, -7/26 HPs)
             Began as an Octopode Delver on Mar 15, 2023.
             Killed from afar by Blork the orc (11 damage)
             ... with a puff of frost
             ... on level 6 of the Dungeon.
             The game lasted 00:01:16 (390 turns).

croobank the Sneak (Octopode Delver)                 Turns: 390, Time: 00:01:17

Health: -7/26      AC:  1    Str: 11    XL:     3   Next: 39%
Magic:  3/3        EV: 13    Int: 14    God:
Gold:   25         SH:  0    Dex: 13    Spells: 2/2 levels left

rFire   . . .      SeeInvis .   a - +0 hand axe
rCold   . . .      Faith    .   (no shield)
rNeg    . . .      Spirit   .   (helmet restricted)
rPois   .          Reflect  .   (no amulet)
rElec   .          Harm     .   (no ring)
rCorr   .          Rampage  .   (no ring)
Will    .....                   (no ring)
Stlth   ++++......              (no ring)
HPRegen 0.08/turn               (no ring)
MPRegen 0.08/turn               (no ring)
                                (no ring)
                                (no ring)

@: hasted, very quick
A: almost no armour, amphibious, 8 rings, camouflage 1, gelatinous body 1,
(nimble swimmer 1), tentacles
a: no special abilities


You were on level 6 of the Dungeon.
You visited 1 branch of the dungeon, and saw 2 of its levels.

You collected 25 gold pieces.

Inventory:

Hand Weapons
 a - a +0 hand axe (weapon)
Wands
 f - a wand of digging (3)
 g - a wand of roots (9)
Scrolls
 b - a scroll of fog
 c - a scroll of magic mapping


   Skills:
 + Level 3.3 Fighting
 + Level 2.5 Axes
 + Level 2.4 Dodging
 + Level 7.0 Stealth


You had 2 spell levels left.
You didn't know any spells.
Your spell library was empty.

Dungeon Overview and Level Annotations

Branches:
Dungeon (6/15)
 Temple: D:4-7

Altars:

Annotations:
D:6 Blork the orc


Innate Abilities, Weirdness & Mutations

You cannot wear most types of armour.
You are amphibious.
You can wear up to eight rings at the same time.
Your skin changes colour to match your surroundings (Stealth+).
Your rubbery body absorbs attacks. (AC +1, EV +1)
((You are camouflaged when in or above water. (Stealth+)))
You have tentacles for arms and can constrict up to eight enemies at once.


Message History

You see here a hound corpse.
Found 12 gold pieces.
Found 16 gold pieces.
You now have 9 gold pieces.
A phantom comes into view.
You see here 16 gold pieces.
You now have 25 gold pieces (gained 16).
Found a stone staircase leading down.
Blork the orc comes into view.
He is wielding a +0 short sword.
Found a short sword.
Blork the orc shouts!
You hear a shout!
Blork the orc points at you and mumbles some strange words.
The puff of flame hits you!
As you read the scroll of fear, it crumbles to dust.
You assume a fearsome visage.
Blork the orc looks frightened!
The phantom is unaffected.
The phantom hits you.
You feel yourself speed up. The phantom misses you.
You barely miss the phantom.
The phantom hits you but does no damage.
You hit the phantom.
The phantom is lightly damaged.
The phantom hits you.
You hit the phantom but do no damage. You squeeze the phantom.
The phantom is lightly damaged.
You barely miss the phantom.
The phantom is lightly damaged.
The phantom hits you!
* * * LOW HITPOINT WARNING * * *
Aiming: Fastroot
Press: ? - help, Shift-Dir - straight line, f - you The roots erupt in riotous growth!
The phantom is unaffected.
You hear a shout! x2
The phantom hits you but does no damage.
Okay, then.
You aren't carrying any potions.
Unknown command.
Found 16 gold pieces and a sedimented grey potion.
Blork the orc gestures at you while chanting.
The puff of frost hits you!
You die...

#.# #. #.# #. ## ###.#
#### #. ..#..$. ..# #.
.#.#.# #.# ###. # ..#.#
##.######.†.
#.#.##.#.####...........
....o..#.W..#..######.##
#..@##.....# #.#
#.)..>....#...# #.#
##.#...##.....# #.#
....#.####...... ... .
!..#. #....... ... ##.
#. ...........$.# # #.
.#...########.# ## #...#
.#


You could see Blork the orc and a phantom.

Vanquished Creatures
  A hound (D:6)
  A white imp (D:6)
2 creatures vanquished.

Notes
Turn   | Place    | Note
-------+----------+-------------------------------------------
     0 | D:5      | croobank the Octopode Delver began the quest for the Orb.
     0 | D:5      | Reached XP level 1. HP: 16/16 MP: 1/1
     1 | D:6      | Noticed a jelly
    13 | D:6      | Reached XP level 2. HP: 10/21 MP: 2/2
   303 | D:6      | Reached skill level 7 in Stealth
   303 | D:6      | Reached XP level 3. HP: 21/26 MP: 3/3
   364 | D:6      | Noticed a phantom
   379 | D:6      | Noticed Blork the orc
   390 | D:6      | Killed from afar by Blork the orc

Illustrated notes

Levels and vault maps discovered:
D:5:      layout_loops_ring, wad_rectangle_vault
D:6:      layout_loops_ring, minmay_temple_entry_crystal_x, uniq_blork_the_orc

Skill      XL: |  1  2 |
---------------+-------+-----
Stealth        | 7 |  7.0
Fighting       | |  3.3
Axes           | |  2.5
Dodging        | |  2.4

Action                   || total
-------------------------++-------
Melee: Hand axe          ||    12
       Constrict         ||     2
       Tentacles         ||     3
Evoke: Wand              ||     1
  Use: Scroll            ||     1
       Potion            ||     1
 Stab: Sleeping          ||     1
Armor: Skin              ||     4
Dodge: Dodged            ||     7
